Senators vs Jets

Created - 4 février 2021 at 20:28

Goals
1 2 3 T
Senators 0 1 0 1
Jets 1 1 2 4
Shots
1 2 3 T
Senators 13 16 11 40
Jets 8 11 12 31

1st period

1. Jets , Brock Nelson 19 (Mika Zibanejad 34, Jaccob Slavin 29) at 17:35 (PP)

Penalties :
Jay Bouwmeester (WPG) for Tripping (Minor) at 0:31, Alex Galchenyuk (OTT) for Tripping (Minor) at 15:47

2nd period

2. Senators , James Neal 10 (Vladimir Tarasenko 15, Jakob Chychrun 15) at 6:36 (PP)
3. Jets , Hampus Lindholm 7 (Brock Nelson 24, Bryan Rust 22) at 8:08

Penalties :
Jaccob Slavin (WPG) for Tripping (Minor) at 0:13, Carl Soderberg (WPG) for Slashing (Minor) at 5:21, Keith Yandle (WPG) for Hooking (Minor) at 10:48, Olli Maatta (WPG) for Hooking (Minor) at 13:21

3rd period

4. Jets , Mika Zibanejad 23 (Jaccob Slavin 30, Keith Yandle 25) at 0:24
5. Jets , Keith Yandle 4 (Nick Foligno 7) at 18:03

Penalties :
Jay Bouwmeester (WPG) for Slashing (Minor) at 8:16, Jani Hakanpaa (OTT) for Slashing (Minor) at 11:26

Goalie Stats

Petr Mrazek (OTT), 27 saves from 31 shots - (0,871), L, 7-19-2, 60:00 minutes
Ben Bishop (WPG), 39 saves from 40 shots - (0,975), W, 31-9-4, 60:00 minutes

Players Stats for Senators

Player Name              G  A  P  +/- PIM S  H  SB GA TA FO     MP     PP MP  PK MP  
------------------------------------------------------------------------------------
Alex Galchenyuk          0  0  0   0  2   2  1  0  0  0  4/4    11:52   0:47   0:11 
Alex Goligoski           0  0  0  -2  0   3  0  1  0  0  0/0    23:10   5:28   1:32 
Alexander Wennberg       0  0  0  -1  0   1  0  1  0  0  14/31  17:08   4:35   0:00 
Andy Greene              0  0  0  -2  0   0  0  4  0  0  0/0    18:04   0:22   1:32 
Chris Wagner             0  0  0   0  0   1  1  0  0  0  7/14   12:32   0:00   1:57 
Connor Brown             0  0  0  -1  0   5  1  0  0  0  0/1    20:41   5:44   0:01 
Derek Ryan               0  0  0   0  0   0  0  0  0  0  0/0     8:51   0:00   2:33 
Eric Staal               0  0  0  -2  0   5  2  0  0  0  17/25  20:11   5:26   0:26 
Jakob Chychrun           0  1  1  -1  0   1  3  0  0  0  0/0    19:24   0:22   2:15 
James Neal               1  0  1  -2  0   6  0  0  0  0  1/6    21:05   5:48   0:00 
Jani Hakanpaa            0  0  0   0  2   0  0  0  0  0  0/0    17:25   5:20   0:00 
Justin Falk              0  0  0   0  0   0  1  1  0  0  0/0    17:26   5:20   0:00 
Mark Stone               0  0  0  -1  0   6  0  1  0  0  0/1    20:40   5:44   0:00 
Mike Green               0  0  0  -1  0   3  3  1  0  0  0/0    24:30   5:28   2:15 
Paul Byron               0  0  0   0  0   0  0  1  0  0  0/0     6:26   0:00   1:13 
Valtteri Filppula        0  0  0   0  0   0  0  0  0  0  3/11    6:26   0:00   1:13 
Vladimir Tarasenko       0  1  1  -2  0   4  3  0  0  0  1/2    19:45   5:26   0:00 
Vladislav Namestnikov    0  0  0   0  0   3  0  0  0  0  1/2    10:35   0:00   0:00 

Players Stats for Jets

Player Name              G  A  P  +/- PIM S  H  SB GA TA FO     MP     PP MP  PK MP  
------------------------------------------------------------------------------------
Alan Quine               0  0  0   0  0   0  0  0  0  0  0/0     0:00   0:00   0:00 
Brandon Saad             0  0  0   0  0   2  0  1  0  0  0/0    13:39   0:00   0:00 
Brock Nelson             1  1  2   2  0   5  1  0  0  0  1/3    25:32   1:42   6:55 
Bryan Rust               0  1  1   2  0   3  1  1  0  0  1/3    17:41   1:42   0:00 
Carl Soderberg           0  0  0   0  2   0  1  0  0  0  1/2     0:55   0:00   0:00 
Devon Toews              0  0  0   0  0   0  0  2  0  0  0/0    15:10   0:00   3:48 
Hampus Lindholm          1  0  1   1  0   1  3  3  0  0  0/0    22:16   1:46   5:10 
Jaccob Slavin            0  2  2   2  2   0  3  1  0  0  0/0    23:28   2:01   4:59 
Jay Bouwmeester          0  0  0   1  4   1  0  1  0  0  0/0    20:00   1:46   2:56 
Keith Yandle             1  1  2   2  2   3  0  0  0  0  0/0    25:13   2:01   4:52 
Mathew Barzal            0  0  0   1  0   1  0  0  0  0  15/32  20:49   2:05   4:15 
Mats Zuccarello          0  0  0   1  0   3  0  0  0  0  0/1    16:34   2:05   0:00 
Mika Zibanejad           1  1  2   2  0   6  0  0  0  0  19/35  25:32   1:42   6:55 
Mikko Koivu              0  0  0   0  0   2  1  1  0  0  11/18  13:39   0:00   0:00 
Nick Foligno             0  1  1   1  0   1  4  0  0  0  1/1    20:49   2:05   4:15 
Nikita Zaitsev           0  0  0   0  0   0  0  0  0  0  0/0    11:22   0:00   0:00 
Olli Maatta              0  0  0   0  2   0  2  0  0  0  0/0     2:26   0:00   0:35 
Zach Parise              0  0  0   0  0   3  0  0  0  0  0/2    13:39   0:00   0:00 

3 Stars

1 - Ben Bishop (WPG)
2 - Brock Nelson (WPG)
3 - Mika Zibanejad (WPG)

Power Play

Senators - 1 on 6 Attempt(s) - 16,67%
Jets - 1 on 2 Attempt(s) - 50,00%

Penalty Kill

Senators - 1 on 2 Attempt(s) - 50,00% - Score 0 goal in Penalty Kill
Jets - 5 on 6 Attempt(s) - 83,33% - Score 0 goal in Penalty Kill

Team Stat

Senators - Hits : 15 - Faceoff Wins : 48 - Blocked Shots : 10 - Penalty Minutes : 4
Jets - Hits : 16 - Faceoff Wins : 49 - Blocked Shots : 10 - Penalty Minutes : 12

Official

Referees : Michael Markovic and Justin St. Pierre
Linesman : Matt Brady and Matt MacPherson

Game Notes

Alexander Wennberg is injured at 8:16 of 3rd period (Bruised Right Leg)

Finance

Level 1 -- Attendance: 6000 (100,00%) -- Ticket Income 720 000 $
Level 2 -- Attendance: 3346 (66,92%) -- Ticket Income 368 060 $
Level 3 -- Attendance: 2068 (94,00%) -- Ticket Income 206 800 $
Level 4 -- Attendance: 1016 (100,00%) -- Ticket Income 91 440 $
Luxury Box -- Attendance: 533 (66,63%) -- Ticket Income 181 220 $
Game was played at the MTS Center.
Total Attendance: 12963 (86,33%)
Total Ticket Income: 1 567 520 $
Other Income: 768 085 $
Total Income: 2 335 605 $

% Time on Ice - Senators

Lines # - Real PCT - Wanted PCT - Time Play
Normal Forward
1 - 32% - 35% - 14:19
2 - 33% - 35% - 14:56
3 - 23% - 20% - 10:35
4 - 12% - 10% - 5:13
Normal Defense
1 - 37% - 35% - 16:47
2 - 36% - 35% - 16:10
3 - 21% - 20% - 9:24
4 - 6% - 10% - 2:42
PP Forward
1 - 49% - 50% - 5:26
2 - 51% - 50% - 5:44
PP Defense
1 - 51% - 50% - 5:42
2 - 49% - 50% - 5:28
PK Forward
1 - 68% - 60% - 2:34
2 - 32% - 40% - 1:13
PK Defense
1 - 59% - 60% - 2:15
2 - 41% - 40% - 1:32
PK3 Forward
1 - 0% - 60%
2 - 0% - 40%
PK3 Defense
1 - 0% - 60%
2 - 0% - 40%
44 Forward
1 - 0% - 50%
2 - 0% - 50%
44 Defense
1 - 0% - 50%
2 - 0% - 50%
Last Minute Offensive  - 0:00
Last Minute Defensive  - 0:00
Total
Forward - 60:00
Defense - 60:00

% Time on Ice - Jets

Lines # - Real PCT - Wanted PCT - Time Play
Normal Forward
1 - 35% - 40% - 15:59
2 - 32% - 30% - 14:29
3 - 30% - 20% - 13:39
4 - 2% - 10% - 0:56
Normal Defense
1 - 37% - 40% - 16:29
2 - 34% - 30% - 15:20
3 - 25% - 20% - 11:22
4 - 4% - 10% - 1:52
PP Forward
1 - 45% - 60% - 1:42
2 - 55% - 40% - 2:05
PP Defense
1 - 53% - 60% - 2:01
2 - 47% - 40% - 1:46
PK Forward
1 - 62% - 60% - 6:55
2 - 38% - 40% - 4:15
PK Defense
1 - 54% - 60% - 6:00
2 - 46% - 40% - 5:10
PK3 Forward
1 - 0% - 60%
2 - 0% - 40%
PK3 Defense
1 - 0% - 60%
2 - 0% - 40%
44 Forward
1 - 0% - 60%
2 - 0% - 40%
44 Defense
1 - 0% - 60%
2 - 0% - 40%
Last Minute Offensive  - 0:00
Last Minute Defensive  - 0:00
Total
Forward - 60:00
Defense - 60:00

Play-by-Play

1st period


0:01 of 1st period - Eric Staal wins face-off versus Bryan Rust in neutral zone.
0:08 of 1st period - Shot by Eric Staal.
0:08 of 1st period - Stopped by Ben Bishop without a rebound.
0:09 of 1st period - Alexander Wennberg wins face-off versus Mathew Barzal in Jets zone.
0:31 of 1st period - Minor Penalty to Jay Bouwmeester for Tripping.
0:32 of 1st period - Mika Zibanejad wins face-off versus James Neal in Jets zone.
1:00 of 1st period - Off-side.
1:01 of 1st period - Mathew Barzal wins face-off versus Alexander Wennberg in neutral zone.
2:11 of 1st period - Shot by Vladimir Tarasenko.
2:11 of 1st period - Stopped by Ben Bishop with a rebound.
2:13 of 1st period - Shot by Justin Falk.
2:13 of 1st period - Shot Misses the Net.
2:15 of 1st period - Shot by James Neal.
2:15 of 1st period - Stopped by Ben Bishop without a rebound.
2:16 of 1st period - Mika Zibanejad wins face-off versus James Neal in Jets zone.
2:36 of 1st period - Shot by Jakob Chychrun.
2:36 of 1st period - Stopped by Ben Bishop with a rebound.
2:52 of 1st period - Shot by Mikko Koivu.
2:52 of 1st period - Stopped by Petr Mrazek without a rebound.
2:53 of 1st period - Mathew Barzal wins face-off versus Valtteri Filppula in Senators zone.
2:58 of 1st period - Shot by Mathew Barzal.
2:58 of 1st period - Shot Misses the Net.
3:26 of 1st period - Shot by Mats Zuccarello.
3:26 of 1st period - Shot Misses the Net.
3:28 of 1st period - Shot by Hampus Lindholm.
3:28 of 1st period - Shot Misses the Net.
4:06 of 1st period - Shot by Mika Zibanejad.
4:06 of 1st period - Stopped by Petr Mrazek without a rebound.
4:07 of 1st period - Mikko Koivu wins face-off versus Alexander Wennberg in Senators zone.
5:20 of 1st period - Shot by Eric Staal.
5:20 of 1st period - Stopped by Ben Bishop without a rebound.
5:21 of 1st period - Mathew Barzal wins face-off versus Chris Wagner in Jets zone.
5:26 of 1st period - Shot by Alex Goligoski.
5:26 of 1st period - Stopped by Ben Bishop without a rebound.
5:27 of 1st period - Eric Staal wins face-off versus Mathew Barzal in Jets zone.
6:37 of 1st period - Shot by Chris Wagner.
6:37 of 1st period - Stopped by Ben Bishop with a rebound.
6:39 of 1st period - Shot by Vladislav Namestnikov.
6:39 of 1st period - Stopped by Ben Bishop without a rebound.
6:40 of 1st period - Alexander Wennberg wins face-off versus Mika Zibanejad in Jets zone.
6:46 of 1st period - Icing by Jaccob Slavin.
6:47 of 1st period - Mika Zibanejad wins face-off versus Connor Brown in Jets zone.
6:54 of 1st period - Shot by Brock Nelson.
6:54 of 1st period - Stopped by Petr Mrazek without a rebound.
6:55 of 1st period - Mika Zibanejad wins face-off versus Alexander Wennberg in Senators zone.
7:05 of 1st period - Icing by Alexander Wennberg.
7:06 of 1st period - Mikko Koivu wins face-off versus Alexander Wennberg in Senators zone.
7:16 of 1st period - Icing by Jaccob Slavin.
7:17 of 1st period - Eric Staal wins face-off versus Zach Parise in Jets zone.
7:17 of 1st period - Eric Staal is hit by Jaccob Slavin.
8:02 of 1st period - Icing by Alex Goligoski.
8:03 of 1st period - Eric Staal wins face-off versus Mika Zibanejad in Senators zone.
8:31 of 1st period - Shot by Connor Brown.
8:31 of 1st period - Stopped by Ben Bishop without a rebound.
8:32 of 1st period - Chris Wagner wins face-off versus Mathew Barzal in Jets zone.
8:38 of 1st period - Off-side.
8:39 of 1st period - Mathew Barzal wins face-off versus Alexander Wennberg in neutral zone.
8:41 of 1st period - Keith Yandle is hit by Jakob Chychrun.
8:48 of 1st period - Mathew Barzal is hit by Mike Green and loses puck.
10:01 of 1st period - Keith Yandle is hit by Chris Wagner.
10:27 of 1st period - Shot by Bryan Rust.
10:27 of 1st period - Shot Misses the Net.
10:41 of 1st period - Shot by Mika Zibanejad.
10:41 of 1st period - Shot Blocked by Andy Greene.
10:43 of 1st period - Shot by Devon Toews.
10:43 of 1st period - Shot Blocked by Alex Goligoski.
10:45 of 1st period - Shot by Mika Zibanejad.
10:45 of 1st period - Stopped by Petr Mrazek with a rebound.
10:47 of 1st period - Shot by Bryan Rust.
10:47 of 1st period - Shot Misses the Net.
10:55 of 1st period - Shot by Bryan Rust.
10:55 of 1st period - Stopped by Petr Mrazek with a rebound.
11:23 of 1st period - Shot by Zach Parise.
11:23 of 1st period - Shot Misses the Net.
11:31 of 1st period - Shot by Valtteri Filppula.
11:31 of 1st period - Shot Misses the Net.
11:41 of 1st period - Shot by Derek Ryan.
11:41 of 1st period - Deflect By Paul Byron.
11:41 of 1st period - Shot Misses the Net.
11:56 of 1st period - Icing by Mike Green.
11:57 of 1st period - Valtteri Filppula wins face-off versus Carl Soderberg in Senators zone.
12:11 of 1st period - Icing by Devon Toews.
12:12 of 1st period - Carl Soderberg wins face-off versus Alexander Wennberg in Jets zone.
12:23 of 1st period - Jani Hakanpaa is hit by Brock Nelson and loses puck.
12:30 of 1st period - Alexander Wennberg is hit by Carl Soderberg and loses puck.
12:46 of 1st period - Icing by Connor Brown.
12:47 of 1st period - Alexander Wennberg wins face-off versus Mikko Koivu in Senators zone.
13:25 of 1st period - Vladislav Namestnikov is hit by Hampus Lindholm and loses puck.
13:50 of 1st period - Icing by Mats Zuccarello.
13:51 of 1st period - Eric Staal wins face-off versus Mathew Barzal in Jets zone.
13:56 of 1st period - Shot by Jakob Chychrun.
13:56 of 1st period - Deflect By James Neal.
13:56 of 1st period - Stopped by Ben Bishop with a rebound.
14:00 of 1st period - Shot by Eric Staal.
14:00 of 1st period - Stopped by Ben Bishop without a rebound.
14:01 of 1st period - Mika Zibanejad wins face-off versus Alexander Wennberg in Jets zone.
14:09 of 1st period - Icing by Mika Zibanejad.
14:10 of 1st period - Mika Zibanejad wins face-off versus Eric Staal in Jets zone.
14:10 of 1st period - Mika Zibanejad is hit by Vladimir Tarasenko.
14:23 of 1st period - Mika Zibanejad is hit by Eric Staal.
14:51 of 1st period - Bryan Rust is hit by Justin Falk and loses puck.
15:28 of 1st period - Shot by Mark Stone.
15:28 of 1st period - Shot Blocked by Hampus Lindholm.
15:30 of 1st period - Shot by Mike Green.
15:30 of 1st period - Stopped by Ben Bishop without a rebound.
15:31 of 1st period - Chris Wagner wins face-off versus Mikko Koivu in Jets zone.
15:47 of 1st period - Minor Penalty to Alex Galchenyuk for Tripping.
15:48 of 1st period - Mika Zibanejad wins face-off versus Chris Wagner in Senators zone.
15:48 of 1st period - Keith Yandle is hit by Jakob Chychrun and loses puck.
15:55 of 1st period - Shot by Jaccob Slavin.
15:55 of 1st period - Shot Misses the Net.
15:57 of 1st period - Shot by Jaccob Slavin.
15:57 of 1st period - Shot Misses the Net.
16:37 of 1st period - Shot by Mathew Barzal.
16:37 of 1st period - Deflect By Mats Zuccarello.
16:37 of 1st period - Stopped by Petr Mrazek without a rebound.
16:38 of 1st period - Mathew Barzal wins face-off versus Valtteri Filppula in Senators zone.
16:51 of 1st period - Shot by Nick Foligno.
16:51 of 1st period - Shot Blocked by Paul Byron.
17:33 of 1st period - Shot by Mika Zibanejad.
17:33 of 1st period - Shot Misses the Net.
17:35 of 1st period - Shot by Brock Nelson.
17:35 of 1st period - Goal by Brock Nelson - Senators : 0 - Jets : 1.
17:36 of 1st period - Alexander Wennberg wins face-off versus Zach Parise in neutral zone.
17:41 of 1st period - Shot by Connor Brown.
17:41 of 1st period - Deflect By Mark Stone.
17:41 of 1st period - Shot Misses the Net.
18:01 of 1st period - Shot by Brandon Saad.
18:01 of 1st period - Shot Misses the Net.
18:03 of 1st period - Shot by Brandon Saad.
18:03 of 1st period - Stopped by Petr Mrazek with a rebound.
18:17 of 1st period - Shot by Zach Parise.
18:17 of 1st period - Shot Misses the Net.
18:34 of 1st period - Keith Yandle is hit by Vladimir Tarasenko.
18:44 of 1st period - Shot by Eric Staal.
18:44 of 1st period - Shot Blocked by Bryan Rust.
19:09 of 1st period - Shot by Andy Greene.
19:09 of 1st period - Shot Misses the Net.
19:19 of 1st period - Mika Zibanejad is hit by Alex Galchenyuk and loses puck.
19:36 of 1st period - Shot by Chris Wagner.
19:36 of 1st period - Deflect By Alex Galchenyuk.
19:36 of 1st period - Stopped by Ben Bishop with a rebound.
Goals for this period are 0 for Senators vs 1 for Jets.
Shots for this period are 13 for Senators vs 8 for Jets.

2nd period


0:01 of 2nd period - Alexander Wennberg wins face-off versus Mika Zibanejad in neutral zone.
0:13 of 2nd period - Minor Penalty to Jaccob Slavin for Tripping.
0:14 of 2nd period - Eric Staal wins face-off versus Mika Zibanejad in Jets zone.
0:56 of 2nd period - Icing by Jani Hakanpaa.
0:57 of 2nd period - Eric Staal wins face-off versus Mathew Barzal in Senators zone.
1:06 of 2nd period - Hampus Lindholm is hit by Vladimir Tarasenko and loses puck.
1:17 of 2nd period - Shot by Mark Stone.
1:17 of 2nd period - Deflect By Connor Brown.
1:17 of 2nd period - Stopped by Ben Bishop without a rebound.
1:18 of 2nd period - Mika Zibanejad wins face-off versus Alexander Wennberg in Jets zone.
1:18 of 2nd period - Mika Zibanejad is hit by Connor Brown.
1:36 of 2nd period - Shot by Mike Green.
1:36 of 2nd period - Stopped by Ben Bishop with a rebound.
1:44 of 2nd period - Shot by Connor Brown.
1:44 of 2nd period - Deflect By Mark Stone.
1:44 of 2nd period - Stopped by Ben Bishop without a rebound.
1:45 of 2nd period - Alexander Wennberg wins face-off versus Mika Zibanejad in Jets zone.
2:01 of 2nd period - Shot by Alex Goligoski.
2:01 of 2nd period - Shot Hit the Post.
2:03 of 2nd period - Shot by Alex Goligoski.
2:03 of 2nd period - Stopped by Ben Bishop without a rebound.
2:04 of 2nd period - Mathew Barzal wins face-off versus Eric Staal in Jets zone.
3:20 of 2nd period - Icing by Jaccob Slavin.
3:21 of 2nd period - Alexander Wennberg wins face-off versus Mathew Barzal in Jets zone.
3:39 of 2nd period - Shot by Connor Brown.
3:39 of 2nd period - Stopped by Ben Bishop with a rebound.
3:52 of 2nd period - Shot by Mats Zuccarello.
3:52 of 2nd period - Shot Hit the Post.
4:32 of 2nd period - Shot by James Neal.
4:32 of 2nd period - Stopped by Ben Bishop without a rebound.
4:33 of 2nd period - Mikko Koivu wins face-off versus Valtteri Filppula in Jets zone.
5:10 of 2nd period - Shot by Zach Parise.
5:10 of 2nd period - Shot Misses the Net.
5:12 of 2nd period - Shot by Hampus Lindholm.
5:12 of 2nd period - Shot Misses the Net.
5:14 of 2nd period - Shot by Brandon Saad.
5:14 of 2nd period - Shot Misses the Net.
5:21 of 2nd period - Minor Penalty to Carl Soderberg for Slashing.
5:22 of 2nd period - Mika Zibanejad wins face-off versus Alexander Wennberg in Jets zone.
5:39 of 2nd period - Shot by Connor Brown.
5:39 of 2nd period - Deflect By Alexander Wennberg.
5:39 of 2nd period - Shot Misses the Net.
6:36 of 2nd period - Shot by James Neal.
6:36 of 2nd period - Goal by James Neal - Senators : 1 - Jets : 1.
6:37 of 2nd period - Mikko Koivu wins face-off versus Chris Wagner in neutral zone.
6:42 of 2nd period - Shot by Zach Parise.
6:42 of 2nd period - Shot Misses the Net.
6:44 of 2nd period - Shot by Nikita Zaitsev.
6:44 of 2nd period - Shot Misses the Net.
6:56 of 2nd period - Shot by Vladislav Namestnikov.
6:56 of 2nd period - Shot Misses the Net.
7:22 of 2nd period - Icing by Devon Toews.
7:23 of 2nd period - Eric Staal wins face-off versus Mikko Koivu in Jets zone.
7:44 of 2nd period - Shot by Mika Zibanejad.
7:44 of 2nd period - Shot Blocked by Justin Falk.
7:46 of 2nd period - Shot by Brock Nelson.
7:46 of 2nd period - Stopped by Petr Mrazek without a rebound.
7:47 of 2nd period - Mika Zibanejad wins face-off versus Alexander Wennberg in Senators zone.
8:04 of 2nd period - Shot by Bryan Rust.
8:04 of 2nd period - Shot Blocked by Mark Stone.
8:06 of 2nd period - Shot by Brock Nelson.
8:06 of 2nd period - Stopped by Petr Mrazek with a rebound.
8:08 of 2nd period - Shot by Hampus Lindholm.
8:08 of 2nd period - Goal by Hampus Lindholm - Senators : 1 - Jets : 2.
8:09 of 2nd period - Eric Staal wins face-off versus Mathew Barzal in neutral zone.
8:14 of 2nd period - Shot by Eric Staal.
8:14 of 2nd period - Shot Hit the Post.
8:16 of 2nd period - Shot by James Neal.
8:16 of 2nd period - Stopped by Ben Bishop without a rebound.
8:17 of 2nd period - Vladimir Tarasenko wins face-off versus Mika Zibanejad in Jets zone.
8:30 of 2nd period - Shot by Mika Zibanejad.
8:30 of 2nd period - Stopped by Petr Mrazek with a rebound.
8:32 of 2nd period - Shot by Bryan Rust.
8:32 of 2nd period - Shot Blocked by Mike Green.
8:45 of 2nd period - Mika Zibanejad is hit by Jakob Chychrun and loses puck.
8:56 of 2nd period - Shot by Mika Zibanejad.
8:56 of 2nd period - Shot Misses the Net.
9:07 of 2nd period - James Neal is hit by Nick Foligno and loses puck.
9:16 of 2nd period - Shot by Mathew Barzal.
9:16 of 2nd period - Stopped by Petr Mrazek without a rebound.
9:17 of 2nd period - Mikko Koivu wins face-off versus Alexander Wennberg in Senators zone.
9:44 of 2nd period - Shot by Connor Brown.
9:44 of 2nd period - Shot Blocked by Devon Toews.
10:33 of 2nd period - Shot by Mathew Barzal.
10:33 of 2nd period - Shot Misses the Net.
10:35 of 2nd period - Shot by Mats Zuccarello.
10:35 of 2nd period - Shot Misses the Net.
10:37 of 2nd period - Shot by Nick Foligno.
10:37 of 2nd period - Stopped by Petr Mrazek without a rebound.
10:38 of 2nd period - Mika Zibanejad wins face-off versus Valtteri Filppula in Senators zone.
10:48 of 2nd period - Minor Penalty to Keith Yandle for Hooking.
10:49 of 2nd period - Mika Zibanejad wins face-off versus Eric Staal in Jets zone.
11:14 of 2nd period - Shot by Eric Staal.
11:14 of 2nd period - Shot Misses the Net.
11:42 of 2nd period - Shot by Alexander Wennberg.
11:42 of 2nd period - Shot Misses the Net.
11:55 of 2nd period - Off-side.
11:56 of 2nd period - Mika Zibanejad wins face-off versus Alexander Wennberg in neutral zone.
12:24 of 2nd period - Shot by Alexander Wennberg.
12:24 of 2nd period - Deflect By Mark Stone.
12:24 of 2nd period - Stopped by Ben Bishop without a rebound.
12:25 of 2nd period - Mika Zibanejad wins face-off versus Eric Staal in Jets zone.
12:38 of 2nd period - Shot by Mike Green.
12:38 of 2nd period - Shot Blocked by Hampus Lindholm.
12:40 of 2nd period - Shot by Mike Green.
12:40 of 2nd period - Shot Misses the Net.
12:42 of 2nd period - Shot by Mike Green.
12:42 of 2nd period - Stopped by Ben Bishop without a rebound.
12:43 of 2nd period - Eric Staal wins face-off versus Mathew Barzal in Jets zone.
12:51 of 2nd period - Alex Galchenyuk is hit by Olli Maatta and loses puck.
13:09 of 2nd period - Chris Wagner is hit by Olli Maatta and loses puck.
13:20 of 2nd period - Shot by Chris Wagner.
13:20 of 2nd period - Deflect By Alex Galchenyuk.
13:20 of 2nd period - Shot Blocked by Mikko Koivu.
13:21 of 2nd period - Minor Penalty to Olli Maatta for Hooking.
13:22 of 2nd period - Alexander Wennberg wins face-off versus Mika Zibanejad in Jets zone.
14:45 of 2nd period - Keith Yandle is hit by Eric Staal.
15:19 of 2nd period - Shot by Alexander Wennberg.
15:19 of 2nd period - Stopped by Ben Bishop with a rebound.
15:23 of 2nd period - Shot by Alex Galchenyuk.
15:23 of 2nd period - Stopped by Ben Bishop without a rebound.
15:24 of 2nd period - Mikko Koivu wins face-off versus Chris Wagner in Jets zone.
15:36 of 2nd period - Shot by Zach Parise.
15:36 of 2nd period - Stopped by Petr Mrazek without a rebound.
15:37 of 2nd period - Mathew Barzal wins face-off versus Valtteri Filppula in Senators zone.
15:51 of 2nd period - Icing by Andy Greene.
15:52 of 2nd period - Mikko Koivu wins face-off versus Valtteri Filppula in Senators zone.
15:55 of 2nd period - Shot by Zach Parise.
15:55 of 2nd period - Stopped by Petr Mrazek without a rebound.
15:56 of 2nd period - Alexander Wennberg wins face-off versus Mathew Barzal in Senators zone.
15:56 of 2nd period - Mark Stone is hit by Nick Foligno and loses puck.
16:14 of 2nd period - Shot by Mark Stone.
16:14 of 2nd period - Stopped by Ben Bishop without a rebound.
16:15 of 2nd period - Eric Staal wins face-off versus Mika Zibanejad in Jets zone.
16:16 of 2nd period - Shot by Vladimir Tarasenko.
16:16 of 2nd period - Shot Misses the Net.
16:18 of 2nd period - Shot by Eric Staal.
16:18 of 2nd period - Stopped by Ben Bishop without a rebound.
16:19 of 2nd period - Brock Nelson wins face-off versus James Neal in Jets zone.
16:41 of 2nd period - Icing by Keith Yandle.
16:42 of 2nd period - Alexander Wennberg wins face-off versus Bryan Rust in Jets zone.
16:42 of 2nd period - Alexander Wennberg is hit by Jaccob Slavin.
17:24 of 2nd period - Icing by Jakob Chychrun.
17:25 of 2nd period - Mathew Barzal wins face-off versus Alexander Wennberg in Senators zone.
17:26 of 2nd period - Shot by Mats Zuccarello.
17:26 of 2nd period - Shot Blocked by Alexander Wennberg.
18:13 of 2nd period - Icing by Mike Green.
18:14 of 2nd period - Mikko Koivu wins face-off versus Alexander Wennberg in Senators zone.
18:15 of 2nd period - Shot by Brandon Saad.
18:15 of 2nd period - Stopped by Petr Mrazek without a rebound.
18:16 of 2nd period - Eric Staal wins face-off versus Mika Zibanejad in Senators zone.
18:34 of 2nd period - Shot by Mika Zibanejad.
18:34 of 2nd period - Shot Blocked by Andy Greene.
18:40 of 2nd period - Shot by James Neal.
18:40 of 2nd period - Stopped by Ben Bishop without a rebound.
18:41 of 2nd period - Vladislav Namestnikov wins face-off versus Mikko Koivu in Jets zone.
18:46 of 2nd period - Shot by Alex Galchenyuk.
18:46 of 2nd period - Shot Misses the Net.
19:10 of 2nd period - Shot by Alex Galchenyuk.
19:10 of 2nd period - Shot Misses the Net.
19:12 of 2nd period - Shot by Chris Wagner.
19:12 of 2nd period - Shot Blocked by Jaccob Slavin.
19:14 of 2nd period - Shot by Vladislav Namestnikov.
19:14 of 2nd period - Stopped by Ben Bishop without a rebound.
19:15 of 2nd period - Mika Zibanejad wins face-off versus Eric Staal in Jets zone.
19:44 of 2nd period - Shot by Mika Zibanejad.
19:44 of 2nd period - Stopped by Petr Mrazek without a rebound.
19:45 of 2nd period - Nick Foligno wins face-off versus Valtteri Filppula in Senators zone.
19:48 of 2nd period - Shot by Mats Zuccarello.
19:48 of 2nd period - Stopped by Petr Mrazek with a rebound.
19:58 of 2nd period - Off-side.
19:59 of 2nd period - Mikko Koivu wins face-off versus Alexander Wennberg in neutral zone.
Goals for this period are 1 for Senators vs 1 for Jets.
Shots for this period are 16 for Senators vs 11 for Jets.

3rd period


0:01 of 3rd period - Bryan Rust wins face-off versus Eric Staal in neutral zone.
0:24 of 3rd period - Shot by Mika Zibanejad.
0:24 of 3rd period - Goal by Mika Zibanejad - Senators : 1 - Jets : 3.
0:25 of 3rd period - Alexander Wennberg wins face-off versus Mathew Barzal in neutral zone.
1:00 of 3rd period - Icing by Hampus Lindholm.
1:01 of 3rd period - Mathew Barzal wins face-off versus James Neal in Jets zone.
1:03 of 3rd period - Icing by Hampus Lindholm.
1:04 of 3rd period - Eric Staal wins face-off versus Mathew Barzal in Jets zone.
1:27 of 3rd period - Shot by Vladimir Tarasenko.
1:27 of 3rd period - Stopped by Ben Bishop without a rebound.
1:28 of 3rd period - Alexander Wennberg wins face-off versus Mika Zibanejad in Jets zone.
2:01 of 3rd period - Brock Nelson is hit by Mike Green.
2:32 of 3rd period - Icing by Mike Green.
2:33 of 3rd period - Mathew Barzal wins face-off versus Alexander Wennberg in Senators zone.
2:54 of 3rd period - Shot by Mats Zuccarello.
2:54 of 3rd period - Stopped by Petr Mrazek with a rebound.
3:09 of 3rd period - Icing by Mike Green.
3:10 of 3rd period - Alexander Wennberg wins face-off versus Mikko Koivu in Senators zone.
3:10 of 3rd period - Alexander Wennberg is hit by Mikko Koivu.
3:26 of 3rd period - Shot by Zach Parise.
3:26 of 3rd period - Stopped by Petr Mrazek without a rebound.
3:27 of 3rd period - Eric Staal wins face-off versus Mika Zibanejad in Senators zone.
3:38 of 3rd period - Shot by James Neal.
3:38 of 3rd period - Shot Misses the Net.
3:40 of 3rd period - Shot by Alex Goligoski.
3:40 of 3rd period - Shot Misses the Net.
3:55 of 3rd period - Shot by Eric Staal.
3:55 of 3rd period - Stopped by Ben Bishop without a rebound.
3:56 of 3rd period - Mathew Barzal wins face-off versus Chris Wagner in Jets zone.
4:27 of 3rd period - Icing by Jani Hakanpaa.
4:28 of 3rd period - Mika Zibanejad wins face-off versus Vladislav Namestnikov in Senators zone.
5:00 of 3rd period - Icing by Keith Yandle.
5:01 of 3rd period - Valtteri Filppula wins face-off versus Mika Zibanejad in Jets zone.
5:38 of 3rd period - Off-side.
5:39 of 3rd period - Eric Staal wins face-off versus Mats Zuccarello in neutral zone.
5:42 of 3rd period - Shot by Vladimir Tarasenko.
5:42 of 3rd period - Stopped by Ben Bishop without a rebound.
5:43 of 3rd period - Mathew Barzal wins face-off versus Vladimir Tarasenko in Jets zone.
6:23 of 3rd period - Eric Staal is hit by Hampus Lindholm and loses puck.
6:33 of 3rd period - Off-side.
6:34 of 3rd period - Mikko Koivu wins face-off versus Alexander Wennberg in neutral zone.
6:41 of 3rd period - Shot by Zach Parise.
6:41 of 3rd period - Shot Misses the Net.
6:47 of 3rd period - Shot by Alex Goligoski.
6:47 of 3rd period - Shot Blocked by Brandon Saad.
6:57 of 3rd period - Shot by Alexander Wennberg.
6:57 of 3rd period - Shot Misses the Net.
6:59 of 3rd period - Shot by Mark Stone.
6:59 of 3rd period - Stopped by Ben Bishop without a rebound.
7:00 of 3rd period - Chris Wagner wins face-off versus Mika Zibanejad in Jets zone.
7:17 of 3rd period - Shot by Vladislav Namestnikov.
7:17 of 3rd period - Stopped by Ben Bishop with a rebound.
7:33 of 3rd period - Shot by Chris Wagner.
7:33 of 3rd period - Shot Misses the Net.
7:36 of 3rd period - Icing by Jaccob Slavin.
7:37 of 3rd period - Eric Staal wins face-off versus Brock Nelson in Jets zone.
7:46 of 3rd period - Shot by Eric Staal.
7:46 of 3rd period - Shot Misses the Net.
8:11 of 3rd period - Shot by Eric Staal.
8:11 of 3rd period - Shot Blocked by Jay Bouwmeester.
8:14 of 3rd period - Icing by Jay Bouwmeester.
8:15 of 3rd period - Alexander Wennberg wins face-off versus Mathew Barzal in Jets zone.
8:15 of 3rd period - Alexander Wennberg is hit by Hampus Lindholm.
8:16 of 3rd period - Minor Penalty to Jay Bouwmeester for Slashing.
8:16 of 3rd period - Alexander Wennberg from Senators is injured at 8:16 of 3rd period (Bruised Right Leg).
8:17 of 3rd period - Alex Galchenyuk wins face-off versus Mika Zibanejad in Jets zone.
8:24 of 3rd period - Shot by Mark Stone.
8:24 of 3rd period - Stopped by Ben Bishop without a rebound.
8:25 of 3rd period - Mika Zibanejad wins face-off versus James Neal in Jets zone.
8:42 of 3rd period - Shot by James Neal.
8:42 of 3rd period - Shot Blocked by Hampus Lindholm.
8:44 of 3rd period - Shot by Mark Stone.
8:44 of 3rd period - Shot Blocked by Devon Toews.
8:46 of 3rd period - Shot by Connor Brown.
8:46 of 3rd period - Stopped by Ben Bishop without a rebound.
8:47 of 3rd period - Mathew Barzal wins face-off versus Eric Staal in Jets zone.
9:05 of 3rd period - Shot by Mike Green.
9:05 of 3rd period - Shot Misses the Net.
9:07 of 3rd period - Shot by Eric Staal.
9:07 of 3rd period - Shot Misses the Net.
9:09 of 3rd period - Shot by Mike Green.
9:09 of 3rd period - Shot Misses the Net.
9:15 of 3rd period - Shot by Alex Goligoski.
9:15 of 3rd period - Stopped by Ben Bishop without a rebound.
9:16 of 3rd period - Alex Galchenyuk wins face-off versus Brock Nelson in Jets zone.
9:37 of 3rd period - Shot by Connor Brown.
9:37 of 3rd period - Stopped by Ben Bishop without a rebound.
9:38 of 3rd period - Alex Galchenyuk wins face-off versus Mathew Barzal in Jets zone.
9:54 of 3rd period - Off-side.
9:55 of 3rd period - Mika Zibanejad wins face-off versus Eric Staal in neutral zone.
10:43 of 3rd period - Off-side.
10:44 of 3rd period - James Neal wins face-off versus Mathew Barzal in neutral zone.
11:01 of 3rd period - Shot by Mark Stone.
11:01 of 3rd period - Stopped by Ben Bishop without a rebound.
11:02 of 3rd period - Chris Wagner wins face-off versus Mika Zibanejad in Jets zone.
11:26 of 3rd period - Minor Penalty to Jani Hakanpaa for Slashing.
11:27 of 3rd period - Mathew Barzal wins face-off versus Chris Wagner in Senators zone.
11:28 of 3rd period - Shot by Keith Yandle.
11:28 of 3rd period - Stopped by Petr Mrazek without a rebound.
11:29 of 3rd period - Chris Wagner wins face-off versus Mathew Barzal in Senators zone.
11:29 of 3rd period - Chris Wagner is hit by Nick Foligno.
12:34 of 3rd period - Shot by Bryan Rust.
12:34 of 3rd period - Stopped by Petr Mrazek with a rebound.
12:52 of 3rd period - Shot by Brock Nelson.
12:52 of 3rd period - Shot Blocked by Andy Greene.
12:54 of 3rd period - Shot by Jay Bouwmeester.
12:54 of 3rd period - Stopped by Petr Mrazek without a rebound.
12:55 of 3rd period - Valtteri Filppula wins face-off versus Mathew Barzal in Senators zone.
13:16 of 3rd period - Shot by Keith Yandle.
13:16 of 3rd period - Stopped by Petr Mrazek without a rebound.
13:17 of 3rd period - Mika Zibanejad wins face-off versus Chris Wagner in Senators zone.
13:59 of 3rd period - Shot by Vladimir Tarasenko.
13:59 of 3rd period - Stopped by Ben Bishop without a rebound.
14:00 of 3rd period - Alex Galchenyuk wins face-off versus Mika Zibanejad in Jets zone.
14:19 of 3rd period - Shot by Bryan Rust.
14:19 of 3rd period - Stopped by Petr Mrazek without a rebound.
14:20 of 3rd period - Mathew Barzal wins face-off versus Valtteri Filppula in Senators zone.
14:20 of 3rd period - Mathew Barzal is hit by Mike Green.
14:38 of 3rd period - Mike Green is hit by Nick Foligno and loses puck.
15:42 of 3rd period - Off-side.
15:43 of 3rd period - Chris Wagner wins face-off versus Mikko Koivu in neutral zone.
15:52 of 3rd period - Shot by Mikko Koivu.
15:52 of 3rd period - Stopped by Petr Mrazek without a rebound.
15:53 of 3rd period - Chris Wagner wins face-off versus Mikko Koivu in Senators zone.
16:28 of 3rd period - Shot by Vladislav Namestnikov.
16:28 of 3rd period - Shot Misses the Net.
16:52 of 3rd period - Vladislav Namestnikov is hit by Bryan Rust and loses puck.
17:05 of 3rd period - Shot by Mika Zibanejad.
17:05 of 3rd period - Stopped by Petr Mrazek with a rebound.
17:59 of 3rd period - Shot by Nick Foligno.
17:59 of 3rd period - Shot Misses the Net.
18:01 of 3rd period - Shot by Nick Foligno.
18:01 of 3rd period - Shot Blocked by Andy Greene.
18:03 of 3rd period - Shot by Keith Yandle.
18:03 of 3rd period - Goal by Keith Yandle - Senators : 1 - Jets : 4.
18:04 of 3rd period - Mikko Koivu wins face-off versus Mark Stone in neutral zone.
19:14 of 3rd period - Shot by Brock Nelson.
19:14 of 3rd period - Stopped by Petr Mrazek with a rebound.
19:21 of 3rd period - Off-side.
19:22 of 3rd period - Eric Staal wins face-off versus Mathew Barzal in neutral zone.
19:39 of 3rd period - Shot by Vladimir Tarasenko.
19:39 of 3rd period - Shot Misses the Net.
19:46 of 3rd period - Vladimir Tarasenko is hit by Jaccob Slavin.
Goals for this period are 0 for Senators vs 2 for Jets.
Shots for this period are 11 for Senators vs 12 for Jets.